 Dungeon Crawl Stone Soup version 0.20-a0-920-gb18bc0f (webtiles) character file.

296 esteth the Ruffian (level 6, -1/61 HPs)
             Began as a Troll Monk on Mar 25, 2017.
             Was a Follower of Ru.
             Killed by divine providence
             ... invoked by an orc priest
              (13 damage)
             ... on level 4 of the Dungeon.
             The game lasted 00:05:55 (1930 turns).

esteth the Ruffian (Troll Monk)                     Turns: 1930, Time: 00:05:56

Health: -1/61      AC: 10    Str: 20    XL:     6   Next: 12%
Magic:  5/5        EV: 11    Int:  6    God:    Ru [*.....]
Gold:   142        SH:  0    Dex: 14    Spells: 5/5 levels left

rFire    . . .     SeeInvis .     - Unarmed
rCold    . . .     Gourm    +   (no shield)
rNeg     + . .     Faith    .   a - +2 robe
rPois    .         Spirit   .   (helmet restricted)
rElec    .         Reflect  .   l - +2 cloak
rCorr    .         Harm     .   (gloves unavailable)
MR       .....                  (boots unavailable)
Stlth    ++........             (no amulet)
Regen    0.6/turn               s - ring of positive energy
MPRegen  0.1/turn               (no ring)

@: no status effects
A: unfitting armour, claws 3, fast metabolism 3, gourmand, regeneration 1,
shaggy fur 1, tough skin 2, inability to train armour
a: Renounce Religion


You were on level 4 of the Dungeon.
You worshipped Ru.
Ru was aware of your devotion.
You were completely stuffed.

You visited 1 branch of the dungeon, and saw 4 of its levels.

You collected 142 gold pieces.

Inventory:

Armour
 a - a +2 robe (worn)
 l - a +2 cloak (worn)
Jewellery
 e - an uncursed amulet of faith
 s - a ring of positive energy (left claw)
Wands
 r - a wand of confusion (29/48)
Scrolls
 g - a scroll of remove curse
 j - a scroll of amnesia
 m - a scroll of magic mapping
 p - a scroll of identify
Potions
 c - a potion of heal wounds {unknown}
 h - 2 potions of curing
 i - 2 potions of resistance {unknown}
 n - a potion of mutation {unknown}
 o - a potion of brilliance {unknown}
 t - a potion of agility {unknown}
Books
 u - a book of Misfortune

   Spells                             Type                      Level
   a - Confusing Touch                Hexes                        1
   b - Confuse                        Hexes                        3
   c - Gell's Gravitas                Translocation                3
   d - Petrify                        Transmutation/Earth          4
   e - Metabolic Englaciation         Hexes/Ice                    5
   f - Yara's Violent Unravelling     Hexes/Transmutation          5
Comestibles
 b - 5 bread rations
 d - 3 chunks of flesh
 k - a royal jelly
 q - a meat ration


   Skills:
 - Level 3.3 Fighting
 - Level 3.3 Dodging
 - Level 1.3 Stealth
 + Level 5.4 Unarmed Combat


You had 5 spell levels left.
You didn't know any spells.

Dungeon Overview and Level Annotations

Branches:
Dungeon (4/15)
 Temple: D:4-7

Altars:
Ru
Sif Muna


Innate Abilities, Weirdness & Mutations

You are too large for most types of armour.
You have claws for hands.
Your metabolism is lightning-fast.
You like to eat raw meat.
Your natural rate of healing is unusually fast.
You are covered in fur. (AC +1)
You have very tough skin. (AC +2)
You cannot train Armour skill.


Message History

m - a scroll of magic mapping The orc wizard casts a spell.
The orc wizard blinks!
The orc priest hits you but does no damage.
The orc warrior hits you with a battleaxe!
Okay, then.
It was a potion of curing.
You feel better. The orc priest barely misses you.
The orc warrior completely misses you.
The orc wizard gestures wildly while chanting.
The orc wizard blinks!
You barely miss the orc wizard. The orc wizard misses you.
The orc warrior hits you with a battleaxe!
The orc wizard hits you with a dagger.
The orc priest invokes the aid of Beogh against you.
Beogh smites you!
* * * LOW HITPOINT WARNING * * *
The orc wizard closely misses you. x2
The orc priest calls down the wrath of Beogh upon you.
Beogh smites you!
You die...

.#..####§########
......§§§§o...>#
#.....#§######.#
#####.###.#.#
#.......o..§#
#.###...#.#####
#..o..#.#...
#..o..#.#.####
#..@.........#
#.....#.#......#
#..<..#.#..#.###
#.....#.#......
#.....#.##.#.# #
#.#.#.#.# .#.#
#.#...#.# ## #
#.....#.#
####)#.############


You could see an orc warrior, an orc priest and an orc wizard.

Vanquished Creatures
  2 hounds
  2 orc wizards (D:3)
  A worker ant (D:4)
  6 adders
  3 oozes
  A dart slug (D:1)
  2 leopard geckos
  12 orcs
  A ball python (D:2)
  3 giant cockroaches
  7 goblins
  8 hobgoblins
  10 bats
  6 frilled lizards
  4 kobolds
  A leopard gecko skeleton (D:4)
  7 rats
76 creatures vanquished.

Notes
Turn   | Place    | Note
-------+----------+-------------------------------------------
     0 | D:1      | esteth the Troll Monk began the quest for the Orb.
     0 | D:1      | Reached XP level 1. HP: 22/22 MP: 0/0
   184 | D:1      | Reached XP level 2. HP: 29/29 MP: 1/1
   496 | D:1      | Reached XP level 3. HP: 33/36 MP: 2/2
   917 | D:2      | Reached XP level 4. HP: 45/45 MP: 3/3
  1352 | D:3      | Reached skill level 4 in Unarmed Combat
  1352 | D:3      | Reached XP level 5. HP: 53/53 MP: 4/4
  1684 | D:3      | Found a sacrificial altar of Ru.
  1694 | D:3      | Became a worshipper of Ru the Awakened
  1734 | D:3      | Gained mutation: You cannot train Armour skill. [Ru sacrifice]
  1734 | D:3      | Reached * piety under Ru
  1739 | D:3      | Reached skill level 5 in Unarmed Combat
  1789 | D:3      | Found a deep blue altar of Sif Muna.
  1820 | D:4      | Reached XP level 6. HP: 56/61 MP: 5/5
  1905 | D:4      | Noticed an orc warrior
  1930 | D:4      | Killed from afar by an orc priest

Vault maps used:
D:1:      matt_arrival_refuge, serial_corexii_hall, corexii_hall_statues_i,
          corexii_hall_statues_l, corexii_hall_statues_s
D:2:      minmay_pentomino_s2
D:3:      nicolae_overflow_crystal_walls, first_bread, led_sif_pool
D:4:      nicolae_overflow_hidden_temple, marbit_many_paths

Skill      XL: |  1  2  3  4  5 |
---------------+----------------+-----
Fighting       | 3 |  3.3
Dodging        | 3 |  3.3
Unarmed Combat | 4 5 |  5.4
Stealth        | |  1.3

Action                   |  1- 3 |  4- 6 || total
-------------------------+-------+-------++-------
Melee: Unarmed           |    92 |   121 ||   213
       Punch             |     1 |     1 ||     2
Invok: Sacrifice Durabil |       |     1 ||     1
  Use: Scroll            |     2 |     7 ||     9
       Potion            |       |     1 ||     1
 Stab: Sleeping          |     4 |       ||     4
  Eat: Chunk             |    14 |     9 ||    23
Armor: Robe              |    60 |    47 ||   107
Dodge: Dodged            |    69 |    77 ||   146
